 Dungeon Crawl Stone Soup version 0.19.1-1-g22dce08 (webtiles) character file.

1165 Kiturien the Sneak (level 8, -3/54 HPs)
             Began as an Octopode Fighter on Jan 17, 2017.
             Slain by an ogre
             ... wielding a +0 giant club
              (16 damage)
             ... on level 5 of the Dungeon.
             The game lasted 00:24:49 (5541 turns).

Kiturien the Sneak (Octopode Fighter)               Turns: 5541, Time: 00:24:49

Health: -3/54      AC:  1    Str: 17    XL:     8   Next: 40%
Magic:  12/12      EV: 13    Int: 11    God:
Gold:   175        SH:  9    Dex: 13    Spells: 0 memorised, 13 levels left

rFire  . . .     SeeInvis .     t - +3 rapier (holy)
rCold  . . .     Gourm    .     b - +0 shield
rNeg   + . .     Faith    .     (helmet restricted)
rPois  .         Spirit   .     (no amulet)
rElec  .         Reflect  .     l - +2 ring of strength
rCorr  .         Harm     .     e - ring of positive energy
MR     .....                    (no ring)
Stlth  ++++......               (no ring)
                                (no ring)
                                (no ring)
                                (no ring)
                                (no ring)

@: no status effects
A: almost no armour, stealthy swim, amphibious, 8 rings, constrict 8, camouflage
1, gelatinous body 1
a: no special abilities


You were on level 5 of the Dungeon.
You were very hungry.

You visited 1 branch of the dungeon, and saw 5 of its levels.

You collected 175 gold pieces.

Inventory:

Hand Weapons
 a - a +0 rapier
 p - a +2 quarterstaff of chaos
 t - a +3 rapier of holy wrath (weapon)
Missiles
 k - 2 throwing nets (quivered)
Armour
 b - a +0 shield (worn)
Jewellery
 e - a ring of positive energy (right tentacle)
 l - a +2 ring of strength (left tentacle)
Wands
 s - a wand of random effects (19/48)
Scrolls
 f - a scroll of noise {unknown}
 g - a scroll of enchant armour {unknown}
 h - 2 scrolls of remove curse {unknown}
 m - a scroll of fog {unknown}
 n - a scroll of teleportation {unknown}
 v - a scroll of amnesia {unknown}
 w - a scroll of identify
Potions
 c - a potion of might
 i - a potion of cure mutation
 o - a potion of brilliance
 q - a potion of beneficial mutation {unknown}
 u - a potion of mutation {unknown}
 x - a potion of lignification {unknown}
Comestibles
 d - 2 bread rations
 j - a slice of pizza
 r - 2 beef jerkies


   Skills:
 * Level 4.7 Fighting
 + Level 4.9 Short Blades
 + Level 3.9 Dodging
 * Level 6.5 Stealth
 * Level 5.0 Shields
 - Level 0.8 Unarmed Combat
 * Level 3.0 Spellcasting


You had 13 spell levels left.
You didn't know any spells.

Dungeon Overview and Level Annotations

Branches:
Dungeon (5/15)
 Temple: D:4-7

Altars:
Cheibriados
Elyvilon
Makhleb
Sif Muna


Innate Abilities, Weirdness & Mutations

You cannot wear most types of armour.
You are very stealthy in the water. (Stealth+)
You are amphibious.
You can wear up to eight rings at the same time.
You can use your tentacles to constrict eight enemies at once.
Your skin changes colour to match your surroundings (Stealth+).
Your rubbery body absorbs attacks. (AC +1, EV +1)


Message History

Items here: )) [ † a dagger; a robe; a flail; an orc corpse An ogre comes into view.
It is wielding a giant club.
The ogre shouts!
The ogre closely misses you.
You puncture the ogre! You squeeze the ogre, but do no damage.
The ogre is moderately wounded.
You hit the ogre.
The ogre is moderately wounded.
The ogre hits you with a giant club!
Your shield prevents you from hitting the ogre.
You squeeze the ogre.
The ogre is heavily wounded.
The ogre hits you with a giant club!!
Ouch! That really hurt!
* * * LOW HITPOINT WARNING * * *
You hit the ogre. You squeeze the ogre.
The ogre is almost dead.
The ogre hits you with a giant club!
You die...

########.......###########.####
#..<#†.'.......#.........#.#..#
#.#.#.##.......'...........#..#
#.#.#.##.......#...........#..#
#.###.##.......#...........#..#
#......#.......#...........#..#
##.....#########...........#..#
#.....# #####O.............#
##.....## #....@########.....#
........# #.....# #.#####.#
##......####.....# #.......#
#...............# #.#######
#.....##........########.#
########.##.....##.......#
#.###.........#####
#.###.#####.#.# #########.....#
#.#.#


You could see an ogre.

Vanquished Creatures
  Duvessa (D:4)
  A sky beast (D:5)
  2 phantoms (D:4)
  An ogre (D:4)
  A centaur (D:5)
  Dowan (D:4)
  A howler monkey (D:5)
  The ghost of soukkis the Sneak, a weakling VSAs (D:3)
  2 orc wizards
  An orc priest (D:3)
  2 iguanas (D:5)
  Crazy Yiuf (D:2)
  Natasha (thrice) (D:3)
  2 worker ants
  A hound skeleton (D:5)
  4 gnolls
  A howler monkey skeleton (D:4)
  3 adders
  An ooze (D:1)
  2 worms
  2 dart slugs (D:2)
  6 leopard geckos
  11 orcs
  6 bats
  3 giant cockroaches
  11 goblins
  13 hobgoblins
  21 jackals
  8 frilled lizards
  7 kobolds
  A leopard gecko skeleton (D:4)
  A quokka zombie (D:5)
  7 rats
129 creatures vanquished.

Notes
Turn   | Place    | Note
-------+----------+-------------------------------------------
     0 | D:1      | Kiturien the Octopode Fighter began the quest for the Orb.
     0 | D:1      | Reached XP level 1. HP: 16/16 MP: 1/1
   228 | D:1      | Reached skill level 1 in Stealth
   228 | D:1      | Reached XP level 2. HP: 21/21 MP: 2/2
   343 | D:1      | Reached XP level 3. HP: 26/26 MP: 3/3
   973 | D:2      | Found a white marble altar of Elyvilon.
   986 | D:2      | Reached skill level 2 in Stealth
   986 | D:2      | Reached XP level 4. HP: 16/31 MP: 5/5
  1251 | D:2      | Reached skill level 1 in Spellcasting
  1483 | D:2      | Reached skill level 3 in Stealth
  1588 | D:3      | Noticed soukkis's ghost (weakling VSAs)
  1671 | D:2      | Reached XP level 5. HP: 14/37 MP: 6/6
  1907 | D:2      | Found a runed door.
  2010 | D:2      | Noticed Crazy Yiuf
  2017 | D:2      | Killed Crazy Yiuf
  2236 | D:3      | Killed soukkis's ghost
  2240 | D:3      | Noticed Natasha
  2259 | D:3      | Found a snail-covered altar of Cheibriados.
  2345 | D:3      | Killed Natasha
  2345 | D:3      | Reached XP level 6. HP: 8/43 MP: 8/8
  2640 | D:3      | Noticed Natasha
  2647 | D:3      | Killed Natasha
  2942 | D:3      | Reached skill level 4 in Stealth
  3130 | D:3      | Found a burning altar of Makhleb.
  3133 | D:3      | Found a deep blue altar of Sif Muna.
  3214 | D:3      | Noticed Natasha
  3220 | D:3      | Killed Natasha
  3458 | D:3      | Found a faded altar of an unknown god.
  3659 | D:4      | Noticed a phantom
  3680 | D:4      | Killed a phantom
  3680 | D:4      | Reached XP level 7. HP: 25/48 MP: 8/10
  3956 | D:4      | Noticed Dowan
  3959 | D:4      | Noticed Duvessa
  3966 | D:4      | Killed Dowan
  3974 | D:4      | Killed Duvessa
  3974 | D:4      | Reached skill level 5 in Stealth
  4819 | D:5      | Entered Level 5 of the Dungeon
  4832 | D:5      | Reached XP level 8. HP: 54/54 MP: 12/12
  4906 | D:5      | HP: 2/54 [something (6)]
  4908 | D:5      | Reached skill level 6 in Stealth
  4908 | D:5      | Reached skill level 5 in Shields
  4913 | D:5      | Gained mutation: One of your tentacles bears a spike. [mutagenic meat]
  4914 | D:5      | Gained mutation: You are surrounded by a mild repulsion field. (EV +2) [mutagenic meat]
  4915 | D:5      | Gained mutation: Your body sometimes deteriorates upon taking damage. [mutagenic meat]
  4915 | D:5      | Lost mutation: Your body sometimes deteriorates upon taking damage. [potion of cure mutation]
  4915 | D:5      | Lost mutation: One of your tentacles bears a spike. [potion of cure mutation]
  4915 | D:5      | Lost mutation: You are surrounded by a mild repulsion field. (EV +2) [potion of cure mutation]
  4917 | D:5      | Gained mutation: You possess an exceptional clarity of mind. [mutagenic meat]
  4918 | D:5      | Lost mutation: You possess an exceptional clarity of mind. [mutagenic meat]
  5541 | D:5      | Slain by an ogre

Skill      XL: |  1  2  3  4  5  6  7  8 |
---------------+-------------------------+-----
Stealth        | 1 2 3 4 5 6 |  6.5
Spellcasting   | 1 2 3 |  3.0
Shields        | 4 5 |  5.0
Short Blades   | 3 4 |  4.9
Fighting       | 4 |  4.7
Dodging        | |  3.9
Unarmed Combat | |  0.8

Action                   |  1- 3 |  4- 6 |  7- 9 || total
-------------------------+-------+-------+-------++-------
Melee: Rapier            |    46 |   176 |    74 ||   296
       Tentacles         |    10 |    37 |    18 ||    65
       Constrict         |    11 |    50 |    11 ||    72
       Punch             |       |     1 |       ||     1
  Use: Scroll            |       |     3 |       ||     3
       Potion            |       |       |     1 ||     1
 Stab: Sleeping          |     7 |     5 |     7 ||    19
       Distracted        |     1 |       |     1 ||     2
  Eat: Bread ration      |       |     2 |     1 ||     3
       Chunk             |       |       |     5 ||     5
Armor: Skin              |     2 |    13 |       ||    15
Dodge: Dodged            |    20 |   114 |    20 ||   154
Block: Shield            |    18 |   107 |    23 ||   148
